 Dungeon Crawl Stone Soup version 0.24.0-125-gc4c63601f3 (webtiles) character file.

Game seed: 5125855732103595352, levelgen mode: deterministic

555 Freitmort the Magician (level 7, -4/36 HPs)
             Began as a Deep Elf Conjurer on Mar 10, 2020.
             Splashed by Pikel's acid (13 damage)
             ... on level 4 of the Dungeon.
             The game lasted 00:23:48 (5490 turns).

Freitmort the Magician (Deep Elf Conjurer)          Turns: 5490, Time: 00:23:56

Health: -4/36      AC:  2    Str:  7    XL:     7   Next: 8%
Magic:  19/19      EV: 15    Int: 20    God:
Gold:   188        SH:  0    Dex: 15    Spells: 17/20 levels left

rFire    . . .     SeeInvis .   f - +1 short sword
rCold    + . .     Gourm    .   (no shield)
rNeg     . . .     Faith    .   a - +0 robe
rPois    .         Spirit   .   (no helmet)
rElec    .         Reflect  .   (no cloak)
rCorr    .         Harm     .   (no gloves)
MR       .....                  (no boots)
Stlth    +++.......             (no amulet)
HPRegen  0.12/turn              h - +2 ring of evasion
MPRegen  0.16/turn              p - ring of protection from cold

@: no status effects
A: no striking features
a: no special abilities


You were on level 4 of the Dungeon.
You were very hungry.

You visited 1 branch of the dungeon, and saw 4 of its levels.

You collected 188 gold pieces.

Inventory:

Hand Weapons
 f - a +1 short sword (weapon)
 g - a +1 dagger of electrocution
Armour
 a - a +0 robe (worn)
Jewellery
 h - a +2 ring of evasion (left hand)
 j - an uncursed ring of ice
 p - a ring of protection from cold (right hand)
Scrolls
 b - a scroll of amnesia
 i - a scroll of noise {unknown}
 k - 2 scrolls of immolation {unknown}
 m - 2 scrolls of teleportation
Potions
 d - a potion of flight
 e - 2 potions of brilliance
 l - a potion of cancellation {unknown}
Comestibles
 c - 9 rations


   Skills:
 + Level 3.1 Dodging
 + Level 3.6 Stealth
 + Level 7.3 Spellcasting
 + Level 6.9 Conjurations


You had 17 spell levels left.
You knew the following spells:

 Your Spells              Type           Power        Failure   Level  Hunger
a - Magic Dart            Conj           ####         1%          1    None
b - Searing Ray           Conj           #####.       1%          2    None

Your spell library contained the following spells:

 Spells                   Type           Power        Failure   Level  Hunger
 Iskenderun's Mystic Bla  Conj           #####...     5%          4    ###....
 Dazzling Spray           Conj/Hex       ###...       7%          3    #......
 Force Lance              Conj/Tloc      ###.....     22%         4    ###....
 Fulminant Prism          Conj/Hex       ###.......   22%         4    ###....


Dungeon Overview and Level Annotations

Branches:
Dungeon (4/15)
 Temple: D:4-7

Altars:
Dithmenos
Makhleb
Okawaru

Annotations:
D:4 Pikel


Message History

You climb downwards.
Level annotation: Pikel
There is a stone staircase leading up here.
You are feeling very hungry.
You see here a +0 club.
You see here a +0 club.
You see here a +0 club.
You see here a +0 club.
Things that are here:
a +2 helmet; a +0 animal skin; a +0 spear
Things that are here:
a +0 club; a cursed -3 club You see here a +0 whip.
Pikel shouts!
You hear a shout! x2
Pikel says, "You'll feel the lick of my whip!"
Pikel zaps a wand.
The bolt of acid hits you!!
Ouch! That really hurt!
* * * LOW HITPOINT WARNING * * *
You are splashed with acid!
You die...

#.#.......##...........
#.........##......K...#
#.........##......##..#
#.....######......##.## #.....#
#......##.#
#######.#########......##.#
............>.K........##)#
############.####.####......##.#
#......K........@.......######)#
#.###########.###.########## #)#
#.####### #..............# #.#
#.......# #..##.....####.# #.#
#.......# #..#.........#.# #.#
#.......# ##.#......##.#.###.##
.K....$.# #................[..
..(.....# #....##'###.#.###[#.
..####### #.......# #.#.#...#.


You could see Pikel.

Vanquished Creatures
  A slave (D:4)
  A scorpion (D:4)
  A centaur zombie (D:3)
  A gnoll shaman (D:4)
  2 orc wizards (D:4)
  An iguana (D:4)
  Natasha (thrice) (D:2)
  Robin (D:4)
  14 gnolls
  5 adders
  An ooze (D:1)
  3 worms
  2 dart slugs
  3 leopard geckos
  7 orcs
  6 bats
  A giant cockroach (D:1)
  17 goblins
  7 hobgoblins
  2 quokkas
  6 frilled lizards
  4 kobolds
  7 rats
96 creatures vanquished.

Notes
Turn   | Place    | Note
-------+----------+-------------------------------------------
     0 | D:1      | Freitmort the Deep Elf Conjurer began the quest for the
                  | Orb.
     0 | D:1      | Reached XP level 1. HP: 10/10 MP: 6/6
   227 | D:1      | Reached XP level 2. HP: 15/15 MP: 6/8
   336 | D:1      | Reached skill level 5 in Conjurations
   888 | D:2      | Noticed Natasha
  1297 | D:2      | Reached XP level 3. HP: 19/19 MP: 6/9
  1323 | D:2      | Killed Natasha
  1649 | D:2      | Noticed Natasha
  1652 | D:2      | Killed Natasha
  1652 | D:2      | Reached XP level 4. HP: 16/24 MP: 7/11
  1657 | D:2      | Noticed Natasha
  1663 | D:2      | Killed Natasha
  1663 | D:2      | Reached skill level 4 in Spellcasting
  2230 | D:3      | Learned a level 2 spell: Searing Ray
  2272 | D:3      | Reached XP level 5. HP: 28/28 MP: 10/13
  2884 | D:3      | Reached skill level 5 in Spellcasting
  3255 | D:3      | Found a burning altar of Makhleb.
  3255 | D:3      | Noticed a blizzard demon
  3437 | D:3      | Reached XP level 6. HP: 30/32 MP: 5/16
  3730 | D:4      | Found an iron altar of Okawaru.
  3848 | D:4      | Reached skill level 6 in Spellcasting
  4121 | D:4      | Found a shadowy altar of Dithmenos.
  4429 | D:4      | Reached skill level 7 in Spellcasting
  4564 | D:4      | Reached XP level 7. HP: 36/36 MP: 17/19
  4571 | D:4      | Noticed Robin
  4586 | D:4      | Killed Robin
  5072 | D:4      | Noticed Pikel
  5490 | D:4      | Splashed by Pikel's acid

Levels and vault maps discovered:
D:1:      psy_arrival_radial02, layout_loops_ring
D:2:      layout_basic, ebering_dispersal_statue_hall, minmay_tetromino_i2,
          uniq_natasha
D:3:      layout_loops_ring, makhleb_altar_promises_db
D:4:      layout_basic, nicolae_dithmenos_shadow_blocks, lemuel_round_altar,
          overflow_temple_1_default, first_ration, moated_statue,
          okawaru_gym_becter, uniq_pikel, uniq_robin

Skill      XL: |  1  2  3  4  5  6  7 |
---------------+----------------------+-----
Conjurations   | 5 6 |  6.9
Stealth        | 3 |  3.6
Spellcasting   | 4 5 7 |  7.3
Dodging        | 3 |  3.1

Action                   |  1- 3 |  4- 6 |  7- 9 || total
-------------------------+-------+-------+-------++-------
 Cast: Magic Dart        |    53 |   112 |    34 ||   199
       Searing Ray       |       |    21 |     2 ||    23
  Use: Scroll            |     1 |    10 |       ||    11
  Eat: Chunk             |     2 |     7 |       ||     9
       Ration            |       |     1 |       ||     1
Armor: Robe              |       |     1 |     1 ||     2
Dodge: Dodged            |     4 |    16 |     3 ||    23
